Map: Lerilak Crest

Players

Javert - Winner!

  • Race: Zerg Zerg
  • League: Grandmaster

PhukYu

  • Race: Terran Terran
  • League: Grandmaster

VOD

Have the link to the VOD?

Description

Time

  • Played on: July 14, 2015, 7:46 p.m.
  • Length: 13:44
Show
View Real Time Build Order
Export as new Build Order

Javert Zerg - Winner!

Build Orders: Hatch First 

Get SALT Encoding   

  12  0:01  Drone  
  13  0:13  Overlord  
  13  0:18  Drone  
  14  0:33  Drone x2  
  16  0:37  Drone  
  17  0:46  Drone  
  18  0:59  Hatchery  
  18  1:00  Drone  
  18  1:02  Extractor  
  17  1:07  Drone  
  18  1:17  Spawning Pool  
  17  1:19  Drone  
  18  1:29  Drone  
  19  1:41  Drone  
  20  1:51  Overlord  
  20  2:04  Queen  
  22  2:10  Queen  
  22  2:13  Zergling x6  
  27  2:17  Metabolic Boost  
  27  2:22  Drone  
  28  2:25  Drone  
  29  2:34  Drone  
  29  2:35  Drone  
  31  2:43  Zergling x2  
  32  2:54  Hatchery  
  32  2:57  Overlord  
  31  3:06  Overlord  
  28  3:24  Zergling x24  
  39  3:33  Queen  
  41  3:40  Overlord  
  41  3:46  Baneling Nest  
  41  3:48  Drone x2  
  41  3:53  Drone  
  43  3:58  Drone  
  43  3:59  Drone  
  42  4:13  Drone x6  
  39  4:28  Drone x2  
  39  4:29  Drone x5  
  46  4:40  Zergling x12  
  52  4:48  Lair, Extractor  
  52  4:50  Extractor  
  50  4:53  Drone x3  
  53  5:00  Baneling x6  
  53  5:06  Overlord  
  53  5:11  Drone x5  
  53  5:21  Zergling x2  
  53  5:22  Zergling x10  
  58  5:28  Extractor  
  55  5:41  Drone x3  
  55  5:42  Drone x8  
  66  5:49  Evolution Chamber x2  
  64  5:50  Drone  
  64  5:51  Drone x2, Infestation Pit  
  66  6:03  Baneling x3  
  66  6:04  Baneling  
  66  6:05  Centrifical Hooks  
  66  6:09  Burrow  
  66  6:13  Overlord  
  66  6:16  Spine Crawler  
  65  6:19  Zerg Ground Armor Level 1, Zerg Melee Weapons Level 1  
  65  6:21  Overseer  
  65  6:26  Zergling x2  
  66  6:32  Overlord  
  66  6:33  Overlord x3  
  66  6:34  Zergling x10  
  66  6:37  Baneling x2  
  66  6:38  Baneling x2  
  71  6:48  Overlord x2  
  71  6:56  Pathogen Glands  
  71  6:59  Overlord  
  71  7:02  Drone x7, Extractor  
  71  7:03  Drone  
  78  7:10  Zergling x2  
  78  7:11  Zergling x14  
  78  7:13  Drone x2  
  88  7:39  Overlord x2  
  88  7:42  Overlord  
  88  7:43  Overlord  
  88  7:50  Overlord  
  87  7:56  Baneling x3  
  87  7:57  Zergling x10, Baneling  
  87  7:58  Zergling x16  
  93  8:09  Extractor  
  93  8:11  Spine Crawler  
  91  8:13  Spine Crawler  
  91  8:14  Zergling x20  
  99  8:25  Overlord x3  
  92  8:52  Extractor  
  92  8:54  Hatchery  
  89  8:57  Extractor  
  89  8:59  Zergling x2  
  89  9:00  Zergling x26  
  100  9:07  Hive, Zerg Ground Armor Level 2, Zerg Melee Weapons Level 2  
  100  9:11  Baneling  
  100  9:12  Baneling x9  
  100  9:13  Overlord x2  
  100  9:35  Overlord  
  100  9:42  Baneling  
  100  9:43  Baneling x25  
  100  9:44  Baneling x28  
  100  9:45  Baneling x2  
  100  9:48  Overlord  
  100  9:50  Overseer  
  85  10:16  Zergling x28  
  85  10:17  Zergling x8  
  87  10:28  Zergling x2  
  87  10:29  Zergling x16  
  87  10:33  Queen  
  93  10:39  Ultralisk Cavern  
  92  10:52  Drone x10  
  102  11:09  Adrenal Glands  
  88  11:29  Chitinous Plating  
  88  11:31  Ultralisk x3  
  100  11:45  Drone x3  
  103  11:47  Zergling x14  
  107  12:05  Ultralisk x2  
  118  12:08  Baneling  
  118  12:09  Baneling x6  
  118  12:10  Baneling x5  
  116  12:30  Ultralisk  
  122  12:39  Zergling x2  
  122  12:40  Zergling x26  
  136  12:55  Zergling x12  
  136  12:56  Zergling x16  
Show
View Real Time Build Order
Export as new Build Order

PhukYu Terran 

Build Orders: Command Center First (CC) 

Get SALT Encoding   

  12  0:01  SCV  
  13  0:13  SCV  
  14  0:17  Supply Depot  
  14  0:25  SCV  
  15  0:39  SCV  
  16  0:51  SCV  
  17  1:03  SCV  
  18  1:04  Command Center  
  18  1:18  SCV  
  19  1:30  SCV  
  20  1:35  Barracks  
  20  1:42  SCV  
  20  1:44  Barracks  
  22  1:54  SCV  
  22  1:55  Barracks  
  22  2:06  SCV  
  22  2:08  Barracks  
  23  2:23  Supply Depot  
  23  2:26  Orbital Command x2  
  23  2:28  Marine  
  24  2:40  Marine  
  25  2:46  Supply Depot, Marine x2  
  27  3:02  Marine  
  27  3:13  SCV x2  
  27  3:18  Marine x3  
  30  3:20  Marine  
  30  3:25  SCV x2  
  33  3:35  Marine  
  33  3:36  Marine x2  
  33  3:37  SCV x2, Refinery, Marine  
  33  3:38  Refinery  
  39  3:49  SCV x2  
  39  3:53  Marine x3  
  44  3:55  Marine  
  44  4:00  Supply Depot  
  44  4:01  SCV x2  
  43  4:11  Marine x3  
  43  4:13  SCV x2, Marine  
  45  4:25  SCV  
  45  4:29  Marine x3  
  45  4:30  SCV  
  45  4:31  Marine  
  50  4:37  SCV  
  52  4:40  Supply Depot  
  52  4:42  SCV  
  53  4:47  Barracks Tech Lab, Factory, Marine x2  
  53  4:49  SCV  
  56  4:54  SCV  
  56  4:57  Marine  
  58  5:02  SCV  
  58  5:04  Marine  
  58  5:05  Marine  
  58  5:06  Stimpack  
  61  5:10  SCV  
  61  5:13  Marine  
  61  5:14  SCV, Marine  
  49  5:22  SCV  
  50  5:37  Barracks Reactor  
  50  5:38  Barracks Reactor x2  
  50  5:41  Starport  
  50  5:42  Factory Reactor  
  47  5:47  SCV x2  
  47  5:48  Engineering Bay  
  47  5:49  Refinery x2  
  49  5:50  Engineering Bay  
  49  5:56  Command Center  
  49  5:59  SCV x2  
  49  6:02  Supply Depot  
  49  6:03  Supply Depot  
  51  6:11  SCV x2  
  53  6:19  Supply Depot x2  
  53  6:20  Marine x6  
  53  6:23  SCV x2  
  61  6:28  Medivac x2  
  65  6:35  SCV x2  
  65  6:36  Marine  
  65  6:37  Marine x2  
  65  6:38  Marine x3  
  73  6:45  Missile Turret  
  73  6:47  SCV x2  
  73  6:50  Supply Depot, Missile Turret  
  73  6:53  Supply Depot  
  75  6:57  Terran Infantry Armor Level 1  
  75  6:58  Terran Infantry Weapons Level 1, Medivac x2  
  75  6:59  SCV  
  80  7:05  Marine x3  
  80  7:06  Marine x2  
  85  7:17  Marine x2  
  85  7:22  Armory  
  87  7:23  Marine x4  
  87  7:24  Marine  
  92  7:41  Marine x6  
  93  8:11  Marine  
  93  8:12  Marine x3  
  97  8:13  Marine x2, Marauder  
  99  8:29  Marine x2  
  99  8:30  Marine x2  
  99  8:31  Marine x2  
  105  8:34  Marauder  
  105  8:38  Concussive Shells  
  105  8:39  Medivac x2  
  111  8:47  Marine x2  
  54  9:10  Marine  
  54  9:11  Marine x6  
  61  9:25  Barracks x2  
  61  9:27  Barracks  
  61  9:28  Marine x2  
  61  9:29  Barracks, Marine x4  
  61  9:30  Orbital Command  
  67  9:47  Marine, Marauder  
  67  9:49  Marine  
  50  10:09  Marauder  
  50  10:12  Marine x2  
  50  10:13  Marine  
  49  10:16  Marine  
  22  10:30  Marine x3  
  22  10:34  Marine  
  23  10:47  Marine  
  23  10:48  Marine x2  
  26  10:50  SCV x2  
  26  10:52  Marine  
  29  10:58  Orbital Command  
  29  11:02  SCV  
  30  11:05  Marine  
  30  11:06  Marine x2  
  30  11:09  Supply Depot  
  30  11:10  Supply Depot, Marine  
  33  11:23  Marine  
  33  11:24  Marine x2  
  32  11:28  Marine  
  28  11:41  Marine  
  28  11:42  Marine x2  
  28  11:45  Marine  
  32  11:49  Hellbat  
  32  11:50  Hellbat  
  35  11:59  Marine x3  
  38  12:03  Marine  
  39  12:16  Marine  
  39  12:17  Marine x2  
  39  12:18  Supply Depot  
  39  12:21  Marine  
  43  12:30  Hellbat  
  43  12:34  Marine  
  43  12:35  Marine x2  
  48  12:38  Hellbat  
Tags
 
Add a new tag
Caveats
  • Supply blocks, unpowered buildings, or Contaminate may cause inaccurate times.
  • Supply counts are checked every 10 seconds.